 Dungeon Crawl Stone Soup version 0.31-a0-981-geadf994542 (webtiles) character file.

Game seed: 10231096929100585188

103 AppTheSpectato the Ruffian (level 4, -5/42 HPs)
             Began as a Troll Shapeshifter on Oct 31, 2023.
             Engulfed by a cloud of flame (13 damage)
             ... on level 2 of the Dungeon.
             The game lasted 00:02:19 (1036 turns).

AppTheSpectato the Ruffian (Troll Shapeshifter)     Turns: 1036, Time: 00:02:20

Health: -5/42      AC:  4    Str: 22    XL:     4   Next: 51%
Magic:  3/3        EV: 10    Int:  6    God:
Gold:   58         SH:  0    Dex: 11    Spells: 3/3 levels left

rFire   . .          .
                       - Unarmed
rCold   . . .        (no shield)
rNeg    . . .        a - +0 animal skin
rPois   .            (helmet currently unavailable)
rElec   .            (cloak currently unavailable)
rCorr   .            (gloves unavailable)
SInv    .            (boots unavailable)
Will    .....        e - amulet of the acrobat
Stlth   +            (no ring)
HPRegen 1.07/turn    (no ring)
MPRegen 0.08/turn

%: acrobat
@: beast-form
A: beast (slay +2), large, unfitting armour, claws 3, regeneration 1, shaggy fur
1, tough skin 1
a: Begin Untransformation


You were on level 2 of the Dungeon.
You were a hulking beast.
You visited 1 branch of the dungeon, and saw 2 of its levels.

You collected 58 gold pieces.

Inventory:

Armour
 a - a +0 animal skin (worn)
Jewellery
 e - an amulet of the acrobat (around neck)
Talismans
 c - a beast talisman
 d - a flux talisman
Scrolls
 g - a scroll of teleportation {unknown}
 h - a scroll of immolation
 i - a scroll of vulnerability {unknown}
 k - a scroll of identify {unknown}
Potions
 b - a potion of lignification
 j - 2 potions of curing {unknown}


   Skills:
 + Level 2.1 Fighting
 - Level 1.7 Dodging
 + Level 3.9 Unarmed Combat
 + Level 3.7 Shapeshifting


You had 3 spell levels left.
You didn't know any spells.
Your spell library contained the following spells:

 Spells                   Type           Power      Damage    Failure   Level
 Dazzling Flash           Conj/Hex       0%         N/A       83%         3
 Volatile Blastmotes      Fire/Tloc      0%         2d10      83%         3
 Starburst                Conj/Fire      0%         6d3       100%        6
 Maxwell's Capacitive Co  Air            0%         ∞         100%        8


Dungeon Overview and Level Annotations

Branches:
Dungeon (2/15)

Altars:


Innate Abilities, Weirdness & Mutations

You are a hulking beast.
Your limbs bulge with bestial killing power. (Slay +2)
You are too large for most types of armour.
You have claws for hands.
Your natural rate of healing is unusually fast.
You are covered in fur. (AC +1)
You have tough skin. (AC +1)


Message History

You kill Robin!
The goblin completely misses you.
Items here: ))) [[ ††.
The goblin attacks as it pursues you! The goblin misses you.
You claw the goblin!
You kill the goblin!
Items here: )))) [[ ††.
You start resting.
HP restored.
Found a war axe.
No target in view!
No target in view!
A ball python comes into view.
You see here a scroll labelled FAMOL ARCHOECS.
You see here a scroll labelled FAMOL ARCHOECS.
You claw the ball python!
You kill the ball python!
No target in view!
k - a scroll labelled FAMOL ARCHOECS A ball python comes into view.
The ball python hisses angrily.
You hear a shout! x2
As you read the scroll labelled LOVERCHI YTIS, it crumbles to dust.
You hear a loud clanging noise!
It was a scroll of noise.
You hear an angry hiss.
The ball python bites you but does no damage.
You claw the ball python!
You kill the ball python!
A goblin comes into view. It is wielding a +0 dagger.
You see here a ball python corpse.
As you read the scroll labelled NAYQOPOFAT, it crumbles to dust.
The creatures around you are filled with an inner flame!
It was a scroll of immolation.
You scratch the goblin.
The goblin explodes!
The fiery explosion engulfs you!!
Ouch! That really hurt!
* * * LOW HITPOINT WARNING * * *
You are engulfed in blazing flames.
You die...

....<...# #.....###......#
........###.....###..##..#
#####....)......#.......##
####.............#
###.#.#.#>###.# #.....#.
... #..#### ...
#####..####.....
#.......h§§.....
#......####..... ####.#..
... #.### . #. .. .


There were no monsters in sight!

Vanquished Creatures
  Robin (D:2)
  2 adders (D:2)
  3 dart slugs
  4 bats
  6 endoplasms
  2 giant cockroaches (D:2)
  16 goblins
  3 hobgoblins
  6 quokkas (D:1)
  10 ball pythons
  A frilled lizard (D:1)
  5 kobolds
  6 rats
65 creatures vanquished.

Notes
Turn   | Place    | Note
-------+----------+-------------------------------------------
     0 | D:1      | AppTheSpectato the Troll Shapeshifter began the quest for
                  | the Orb.
     0 | D:1      | Reached XP level 1. HP: 18/18 MP: 0/0
    76 | D:1      | Reached skill level 1 in Fighting
   183 | D:1      | Reached XP level 2. HP: 27/27 MP: 1/1
   536 | D:1      | Reached XP level 3. HP: 33/33 MP: 2/2
   855 | D:2      | Reached XP level 4. HP: 27/42 MP: 3/3
   959 | D:2      | Noticed Robin
   984 | D:2      | Killed Robin
  1036 | D:2      | Engulfed by a cloud of flame

Illustrated notes

Levels and vault maps discovered:
D:1:      minmay_arrival_solitary_statue, layout_basic
D:2:      layout_rooms, uniq_robin, uniq_crazy_yiuf_cottage

Skill      XL: |  1  2  3  4 |
---------------+-------------+-----
Fighting       | 1 2 |  2.1
Dodging        | |  1.7
Unarmed Combat | |  3.9
Shapeshifting  | |  3.7

Action                     |  1- 3 |  4- 6 || total
---------------------------+-------+-------++-------
  Melee: Unarmed           |    88 |    33 ||   121
         Punch             |     3 |     1 ||     4
    Use: Scroll            |     3 |     2 ||     5
   Stab: Sleeping          |     2 |       ||     2
 Armour: Animal skin       |    56 |    39 ||    95
  Dodge: Dodged            |    59 |    26 ||    85

Table legend: (Time is in decaauts)
 A = Elapsed time spent in this place.
 B = Non-inter-level travel time spent in this place.
 C = Inter-level travel time spent in this place.
 D = Time resting spent in this place.
 E = Time spent auto-exploring this place.
 F = Levels seen in this place.
 G = Mean time per level.
                   A        B        C        D        E       F      G
               +--------+--------+--------+--------+--------+-----+--------+
         Total |   1028 |   1015 |     13 |     33 |    716 |   2 |  514.0 |
       Dungeon |   1028 |   1015 |     13 |     33 |    716 |   2 |  514.0 |
               +--------+--------+--------+--------+--------+-----+--------+

Top non-repeatable levels by time:
     D:1: 796 daAuts
     D:2: 232 daAuts
